Sharks vs Blackhawks
Created - January 18, 2019 at 22:54
Goals
|
| Sharks |
3 |
0 |
0 |
0 |
0 |
3 |
| Blackhawks |
1 |
2 |
0 |
0 |
1 |
4 |
|
Shots
|
| Sharks |
11 |
7 |
8 |
1 |
3 |
27 |
| Blackhawks |
13 |
17 |
6 |
0 |
3 |
36 |
|
1st period
1. Blackhawks , Chris Kreider 15 (Michael Frolik 19, Tyler Johnson 25) at 6:22 (PP)
2. Sharks , Oskar Osala 12 (Maxim Kondratiev 7, T.J. Hensick 15) at 8:51
3. Sharks , Jason Spezza 23 (Maxim Afinogenov 13, Milan Michalek 14) at 15:46
4. Sharks , Milan Michalek 11 (Jason Spezza 20, Maxim Afinogenov 14) at 16:33
Penalties :
Maxim Afinogenov (SJS) for Hooking (Minor) at 5:38, Joni Pitkanen (Chi) for Slashing (Minor) at 9:31
2nd period
5. Blackhawks , Rick Nash 22 (Derick Brassard 33) at 1:31
6. Blackhawks , Antoine Roussel 10 (Derick Brassard 34, Mike Green 12) at 13:32
Penalties :
Adam Larsson (SJS) for Roughing (Minor) at 5:39, Nick Palmieri (SJS) for High sticking (Double Minor) at 16:01
3rd period
No Goal
Penalties :
Antoine Roussel (Chi) for Diving (Minor) at 0:48, Nate Prosser (SJS) for Hooking (Minor) at 3:13
Overtime #1
No Goal
Penalties :
Maxim Kondratiev (SJS) for Hooking (Minor) at 2:03
Shootout
Sharks, Jason Spezza - Shot Misses the Net
Blackhawks, Rick Nash - Stopped by Tyler Weiman
Sharks, Milan Michalek - Stopped by Jimmy Howard
Blackhawks, Derick Brassard - Shot Misses the Net
Sharks, Maxim Afinogenov - Shot Misses the Net
Blackhawks, Tyler Johnson - Goal!
Penalties :
No Penalty
Goalie Stats
Tyler Weiman (SJS), 33 saves from 36 shots - (0.917), OTL, 14-13-5, 65:00 minutes
Jimmy Howard (Chi), 24 saves from 27 shots - (0.889), W, 13-14-3, 65:00 minutes
Players Stats for Sharks
Player Name G A P +/- PIM S H SB GA TA FO MP PP MP PK MP
------------------------------------------------------------------------------------
Adam Larsson 0 0 0 -1 2 0 2 0 0 0 0/0 13:55 0:00 1:56
Andrej Sekera 0 0 0 1 0 1 2 1 0 0 0/0 26:54 2:36 5:32
Bobby Butler 0 0 0 -1 0 0 1 0 0 0 1/1 9:59 0:00 3:00
Brendon Nash 0 0 0 0 0 0 0 0 0 0 0/0 3:32 0:00 0:00
Darren Helm 0 0 0 -1 0 1 3 0 0 0 4/10 15:09 0:00 0:24
Jason Spezza 1 1 2 1 0 4 2 0 1 0 16/33 24:53 2:12 4:50
Jiri Tlusty 0 0 0 0 0 1 1 0 0 0 0/0 12:16 0:00 0:00
Jordan LaVallee 0 0 0 -1 0 0 0 0 0 0 0/0 8:16 0:00 2:23
Kevin Shattenkirk 0 0 0 1 0 3 0 0 0 4 0/0 30:18 2:36 6:24
Mark Giordano 0 0 0 -1 0 1 0 1 0 1 0/0 13:18 0:00 0:17
Maxim Afinogenov 0 2 2 1 2 4 2 0 0 0 1/2 21:41 2:12 2:10
Maxim Kondratiev 0 1 1 1 2 0 2 0 1 0 0/0 21:13 1:22 3:25
Milan Michalek 1 1 2 1 0 4 2 0 0 0 0/1 24:52 2:12 4:10
Nate Prosser 0 0 0 1 2 1 0 1 1 1 0/0 20:58 1:22 3:46
Nick Palmieri 0 0 0 1 4 2 2 0 1 1 1/1 16:10 1:46 0:00
Nikolai Kulemin 0 0 0 0 0 1 2 0 1 0 0/0 11:12 0:00 0:00
Oskar Osala 1 0 1 1 0 2 2 0 0 0 0/1 15:47 1:46 0:00
T.J. Hensick 0 1 1 1 0 2 0 1 1 1 3/7 18:52 1:46 2:24
Players Stats for Blackhawks
Player Name G A P +/- PIM S H SB GA TA FO MP PP MP PK MP
------------------------------------------------------------------------------------
Antoine Roussel 1 0 1 0 2 5 2 0 0 0 1/3 21:30 4:25 0:33
Cam Janssen 0 0 0 0 0 0 1 0 0 0 0/0 8:01 0:34 0:00
Chris Kreider 1 0 1 -1 0 2 4 0 0 0 0/0 18:01 3:32 0:36
Daniel Cleary 0 0 0 0 0 1 2 0 0 0 0/0 12:36 0:00 0:51
Denis Grebeshkov 0 0 0 -1 0 4 3 1 2 1 0/0 22:27 3:11 1:27
Derick Brassard 0 2 2 0 0 4 1 2 0 0 15/27 23:52 4:04 2:20
Hampus Lindholm 0 0 0 1 0 1 2 0 0 0 0/0 15:13 0:37 1:12
Joni Pitkanen 0 0 0 -1 2 2 2 0 0 1 0/0 27:33 4:53 1:19
Kevin Marshall 0 0 0 1 0 0 0 0 0 1 0/0 12:50 0:37 0:00
Lasse Kukkonen 0 0 0 -1 0 3 1 0 0 1 0/0 22:27 3:11 1:27
Mason Raymond 0 0 0 0 0 0 0 0 0 0 0/1 7:37 0:06 0:00
Michael Frolik 0 1 1 -1 0 4 1 0 1 0 1/3 17:18 3:35 0:00
Mike Green 0 1 1 -1 0 0 2 1 1 0 0/0 29:43 4:53 2:31
Peter Regin 0 0 0 0 0 1 5 0 0 0 2/4 12:56 0:56 0:00
Rick Nash 1 0 1 0 0 3 3 1 1 2 4/5 23:46 4:22 2:16
Tomas Fleischmann 0 0 0 0 0 1 2 0 2 0 0/0 12:35 0:38 0:00
Tyler Johnson 0 1 1 -1 0 4 1 0 1 0 6/11 19:52 3:35 1:20
Zac Rinaldo 0 0 0 0 0 1 2 0 0 0 1/2 7:43 0:16 0:00
3 Stars
1 - Milan Michalek (SJS)
2 - Jason Spezza (SJS)
3 - Rick Nash (Chi)
Power Play
Sharks - 0 on 2 Attempt(s) - 0.00%
Blackhawks - 1 on 6 Attempt(s) - 16.67%
Penalty Kill
Sharks - 5 on 6 Attempt(s) - 83.33%
- Score 0 goal in Penalty Kill
Blackhawks - 2 on 2 Attempt(s) - 100.00%
- Score 0 goal in Penalty Kill
Team Stat
Sharks - Hits : 23 - Faceoff Wins : 26 - Blocked Shots : 4 - Penalty Minutes : 12
Blackhawks - Hits : 34 - Faceoff Wins : 30 - Blocked Shots : 5 - Penalty Minutes : 4
Official
Referees : Unknown
Linesman : Unknown
Game Notes
No Game Note
Finance
Level 1 -- Attendance: 4361 (72.68%) -- Ticket Income $427,378
Level 2 -- Attendance: 3512 (70.24%) -- Ticket Income $221,256
Level 3 -- Attendance: 1325 (66.25%) -- Ticket Income $55,650
Level 4 -- Attendance: 2790 (69.75%) -- Ticket Income $86,490
Luxury Box -- Attendance: 704 (70.40%) -- Ticket Income $125,312
Game was played at the Rexall Place.
Total Attendance: 12692 (70.51%)
Total Ticket Income: $916,086
Other Income: $137,413
Total Income: $1,053,499
Sharks
5 vs 5 Forward
Center Left Wing Right Wing Time % Phy DF OF
1 Jason Spezza Milan Michalek Maxim Afinogenov 40 1 2 2
2 T.J. Hensick Oskar Osala Nick Palmieri 30 1 2 2
3 Darren Helm Nikolai Kulemin Jiri Tlusty 20 1 2 2
4 Darren Helm Bobby Butler Jordan LaVallee 10 1 3 1
5 vs 5 Defense
Defense Defense Time % Phy DF OF
1 Kevin Shattenkirk Andrej Sekera 40 1 2 2
2 Nate Prosser Maxim Kondratiev 30 1 2 2
3 Mark Giordano Adam Larsson 20 1 2 2
4 Kevin Shattenkirk Brendon Nash 10 1 2 2
PowerPlay Forward
Center Left Wing Right Wing Time % Phy DF OF
1 Jason Spezza Milan Michalek Maxim Afinogenov 60 1 1 3
2 T.J. Hensick Oskar Osala Nick Palmieri 40 1 1 3
PowerPlay Defense
Defense Defense Time % Phy DF OF
1 Kevin Shattenkirk Andrej Sekera 60 1 2 2
2 Nate Prosser Maxim Kondratiev 40 1 2 2
Penalty Kill 4 Players Forward
Center Wing Time % Phy DF OF
1 Jason Spezza Milan Michalek 60 1 4 0
2 Maxim Afinogenov T.J. Hensick 40 1 4 0
Penalty Kill 4 Players Defense
Defense Defense Time % Phy DF OF
1 Kevin Shattenkirk Andrej Sekera 60 1 4 0
2 Nate Prosser Maxim Kondratiev 40 1 4 0
Penalty Kill - 3 Players Forward
Forward Time % Phy DF OF
1 Jason Spezza 60 1 4 0
2 Milan Michalek 40 1 4 0
Penalty Kill - 3 Players Defense
Defense Defense Time % Phy DF OF
1 Kevin Shattenkirk Andrej Sekera 60 1 4 0
2 Nate Prosser Maxim Kondratiev 40 1 4 0
4 vs 4 Forward
Center Wing Time % Phy DF OF
1 Darren Helm Milan Michalek 60 1 2 2
2 T.J. Hensick Maxim Afinogenov 40 1 2 2
4 vs 4 Defense
Defense Defense Time % Phy DF OF
1 Kevin Shattenkirk Andrej Sekera 60 1 2 2
2 Nate Prosser Maxim Kondratiev 40 1 2 2
Last Minutes Offensive
Center Left Wing Right Wing Defense Defense
Jason Spezza Milan Michalek Maxim Afinogenov Kevin Shattenkirk Nate Prosser
Last Minutes Defensive
Center Left Wing Right Wing Defense Defense
Jason Spezza Milan Michalek Maxim Afinogenov Kevin Shattenkirk Andrej Sekera
Goaltenders
Starting : Tyler Weiman
Backup : Brent Krahn
Extra Forwards
Normal : Jiri Tlusty, Nikolai Kulemin, Bobby Butler - PP : Jiri Tlusty, Nikolai Kulemin - PK : Bobby Butler
Extra Defensemen
Normal : Mark Giordano, Adam Larsson, Brendon Nash - PP : Mark Giordano - PK : Adam Larsson, Nate Prosser
Penalty Shots
Jason Spezza, Milan Michalek, Maxim Afinogenov, T.J. Hensick, Nick Palmieri
Scratches
Martin Erat (Healthy), Rob Schremp (Healthy)
Blackhawks
5 vs 5 Forward
Center Left Wing Right Wing Time % Phy DF OF
1 Derick Brassard Antoine Roussel Rick Nash 40 1 2 2
2 Tyler Johnson Chris Kreider Michael Frolik 30 1 2 2
3 Peter Regin Tomas Fleischmann Daniel Cleary 20 1 2 2
4 Zac Rinaldo Mason Raymond Cam Janssen 10 1 2 2
5 vs 5 Defense
Defense Defense Time % Phy DF OF
1 Mike Green Joni Pitkanen 40 1 2 2
2 Denis Grebeshkov Lasse Kukkonen 30 1 2 2
3 Kevin Marshall Hampus Lindholm 20 1 2 2
4 Mike Green Joni Pitkanen 10 1 2 2
PowerPlay Forward
Center Left Wing Right Wing Time % Phy DF OF
1 Derick Brassard Antoine Roussel Rick Nash 60 1 2 2
2 Tyler Johnson Chris Kreider Michael Frolik 40 1 2 2
PowerPlay Defense
Defense Defense Time % Phy DF OF
1 Mike Green Joni Pitkanen 60 1 2 2
2 Denis Grebeshkov Lasse Kukkonen 40 1 2 2
Penalty Kill 4 Players Forward
Center Wing Time % Phy DF OF
1 Rick Nash Derick Brassard 60 1 2 2
2 Tyler Johnson Antoine Roussel 40 1 2 2
Penalty Kill 4 Players Defense
Defense Defense Time % Phy DF OF
1 Mike Green Joni Pitkanen 60 1 2 2
2 Denis Grebeshkov Lasse Kukkonen 40 1 2 2
Penalty Kill - 3 Players Forward
Forward Time % Phy DF OF
1 Rick Nash 60 1 2 2
2 Derick Brassard 40 1 2 2
Penalty Kill - 3 Players Defense
Defense Defense Time % Phy DF OF
1 Mike Green Joni Pitkanen 60 1 2 2
2 Denis Grebeshkov Lasse Kukkonen 40 1 2 2
4 vs 4 Forward
Center Wing Time % Phy DF OF
1 Rick Nash Derick Brassard 60 1 2 2
2 Tyler Johnson Antoine Roussel 40 1 2 2
4 vs 4 Defense
Defense Defense Time % Phy DF OF
1 Mike Green Joni Pitkanen 60 1 2 2
2 Denis Grebeshkov Lasse Kukkonen 40 1 2 2
Last Minutes Offensive
Center Left Wing Right Wing Defense Defense
Derick Brassard Antoine Roussel Rick Nash Mike Green Joni Pitkanen
Last Minutes Defensive
Center Left Wing Right Wing Defense Defense
Derick Brassard Antoine Roussel Rick Nash Mike Green Joni Pitkanen
Goaltenders
Starting : Jimmy Howard
Backup : Al Montoya
Extra Forwards
Normal : Peter Regin, Tomas Fleischmann, Daniel Cleary - PP : Peter Regin, Tomas Fleischmann - PK : Daniel Cleary
Extra Defensemen
Normal : Kevin Marshall, Hampus Lindholm, Denis Grebeshkov - PP : Kevin Marshall - PK : Hampus Lindholm, Denis Grebeshkov
Penalty Shots
Rick Nash, Derick Brassard, Tyler Johnson, Antoine Roussel, Chris Kreider
Scratches
None
% Time on Ice - Sharks
Lines # - Real PCT - Wanted PCT - Time Play
Normal Forward
1 - 37% - 40% - 17:24
2 - 30% - 30% - 14:24
3 - 21% - 20% - 9:50
4 - 12% - 10% - 5:43
Normal Defense
1 - 37% - 40% - 17:23
2 - 31% - 30% - 14:49
3 - 25% - 20% - 11:37
4 - 7% - 10% - 3:32
PP Forward
1 - 55% - 60% - 2:12
2 - 45% - 40% - 1:46
PP Defense
1 - 66% - 60% - 2:36
2 - 34% - 40% - 1:22
PK Forward
1 - 72% - 60% - 6:17
2 - 28% - 40% - 2:24
PK Defense
1 - 54% - 60% - 4:39
2 - 46% - 40% - 4:02
PK3 Forward
1 - 82% - 60% - 1:37
2 - 18% - 40% - 0:22
PK3 Defense
1 - 45% - 60% - 0:53
2 - 55% - 40% - 1:06
44 Forward
1 - 81% - 60% - 2:26
2 - 19% - 40% - 0:35
44 Defense
1 - 46% - 60% - 1:23
2 - 54% - 40% - 1:38
Last Minute Offensive - 0:00
Last Minute Defensive - 0:00
Total
Forward - 65:00
Defense - 65:00
|
% Time on Ice - Blackhawks
Lines # - Real PCT - Wanted PCT - Time Play
Normal Forward
1 - 33% - 40% - 15:33
2 - 30% - 30% - 14:09
3 - 22% - 20% - 10:12
4 - 16% - 10% - 7:27
Normal Defense
1 - 38% - 40% - 17:57
2 - 32% - 30% - 15:16
3 - 25% - 20% - 12:03
4 - 4% - 10% - 2:05
PP Forward
1 - 59% - 60% - 5:06
2 - 41% - 40% - 3:35
PP Defense
1 - 63% - 60% - 5:30
2 - 37% - 40% - 3:11
PK Forward
1 - 74% - 60% - 2:56
2 - 26% - 40% - 1:02
PK Defense
1 - 63% - 60% - 2:31
2 - 37% - 40% - 1:27
PK3 Forward
1 - 0% - 60%
2 - 0% - 40%
PK3 Defense
1 - 0% - 60%
2 - 0% - 40%
44 Forward
1 - 75% - 60% - 3:46
2 - 25% - 40% - 1:14
44 Defense
1 - 49% - 60% - 2:27
2 - 51% - 40% - 2:33
Last Minute Offensive - 0:00
Last Minute Defensive - 0:00
Total
Forward - 65:00
Defense - 65:00
|
Play-by-Play
1st period
0:01 of 1st period - Derick Brassard wins face-off versus Jason Spezza in neutral zone.
0:04 of 1st period - Slapshot by Mike Green.
0:04 of 1st period - Shot Misses the Net.
0:06 of 1st period - Slapshot by Joni Pitkanen.
0:06 of 1st period - Deflect By Kevin Shattenkirk.
0:06 of 1st period - Stopped by Tyler Weiman without a rebound.
0:07 of 1st period - Jason Spezza wins face-off versus Antoine Roussel in Sharks zone.
0:30 of 1st period - Wrist shot by Antoine Roussel.
0:30 of 1st period - Stopped by Tyler Weiman without a rebound.
0:31 of 1st period - Tyler Johnson wins face-off versus Oskar Osala in Sharks zone.
2:40 of 1st period - Off-side.
2:41 of 1st period - Peter Regin wins face-off versus Jason Spezza in neutral zone.
2:48 of 1st period - Wrist shot by Tomas Fleischmann.
2:48 of 1st period - Deflect By Peter Regin.
2:48 of 1st period - Stopped by Tyler Weiman with a rebound.
3:13 of 1st period - Andrej Sekera is hit by Daniel Cleary and loses puck.
3:26 of 1st period - Snap shot by Daniel Cleary.
3:26 of 1st period - Stopped by Tyler Weiman without a rebound.
3:27 of 1st period - Nick Palmieri wins face-off versus Derick Brassard in Sharks zone.
3:52 of 1st period - Adam Larsson is hit by Chris Kreider.
3:56 of 1st period - Wrist shot by Jiri Tlusty.
3:56 of 1st period - Shot Misses the Net.
3:58 of 1st period - Slapshot by Mark Giordano.
3:58 of 1st period - Deflect By Jiri Tlusty.
3:58 of 1st period - Shot Misses the Net.
3:58 of 1st period - Puck is out of play.
3:59 of 1st period - Darren Helm wins face-off versus Tyler Johnson in Blackhawks zone.
4:14 of 1st period - Wrist shot by Michael Frolik.
4:14 of 1st period - Stopped by Tyler Weiman without a rebound.
4:15 of 1st period - Jason Spezza wins face-off versus Derick Brassard in Sharks zone.
5:10 of 1st period - Wrist shot by Mason Raymond.
5:10 of 1st period - Shot Blocked by Nate Prosser.
5:38 of 1st period - Minor Penalty to Maxim Afinogenov for Hooking.
5:39 of 1st period - Derick Brassard wins face-off versus Jason Spezza in Sharks zone.
5:44 of 1st period - Wrist shot by Derick Brassard.
5:44 of 1st period - Stopped by Tyler Weiman without a rebound.
5:45 of 1st period - Derick Brassard wins face-off versus Jason Spezza in Sharks zone.
6:22 of 1st period - Slapshot by Chris Kreider.
6:22 of 1st period - Goal by Chris Kreider - Sharks : 0 - Blackhawks : 1.
6:23 of 1st period - Derick Brassard wins face-off versus Jason Spezza in neutral zone.
7:18 of 1st period - Tomas Fleischmann is hit by Darren Helm and loses puck.
8:10 of 1st period - Snap shot by Michael Frolik.
8:10 of 1st period - Shot Misses the Net.
8:12 of 1st period - Snap shot by Michael Frolik.
8:12 of 1st period - Shot Hit the Post.
8:14 of 1st period - Wrist shot by Chris Kreider.
8:14 of 1st period - Stopped by Tyler Weiman without a rebound.
8:15 of 1st period - Maxim Afinogenov wins face-off versus Derick Brassard in Sharks zone.
8:41 of 1st period - Adam Larsson is hit by Chris Kreider.
8:47 of 1st period - Snap shot by Oskar Osala.
8:47 of 1st period - Stopped by Jimmy Howard with a rebound.
8:49 of 1st period - Wrist shot by Maxim Kondratiev.
8:49 of 1st period - Shot Misses the Net.
8:51 of 1st period - Snap shot by Oskar Osala.
8:51 of 1st period - Goal by Oskar Osala - Sharks : 1 - Blackhawks : 1.
8:52 of 1st period - Derick Brassard wins face-off versus Milan Michalek in neutral zone.
9:31 of 1st period - Minor Penalty to Joni Pitkanen for Slashing.
9:32 of 1st period - Rick Nash wins face-off versus T.J. Hensick in Blackhawks zone.
9:44 of 1st period - Snap shot by Kevin Shattenkirk.
9:44 of 1st period - Stopped by Jimmy Howard without a rebound.
9:45 of 1st period - Jason Spezza wins face-off versus Rick Nash in Blackhawks zone.
10:15 of 1st period - Off-side.
10:16 of 1st period - Tyler Johnson wins face-off versus Jason Spezza in neutral zone.
11:31 of 1st period - Penalty to Joni Pitkanen is over, Joni Pitkanen is back on ice.
11:39 of 1st period - Joni Pitkanen is hit by Oskar Osala and loses puck.
12:32 of 1st period - Derick Brassard is hit by Jason Spezza and loses puck.
12:51 of 1st period - Backhand shot by Tomas Fleischmann.
12:51 of 1st period - Deflect By Peter Regin.
12:51 of 1st period - Shot Blocked by T.J. Hensick.
12:51 of 1st period - Puck is out of play.
12:52 of 1st period - Zac Rinaldo wins face-off versus T.J. Hensick in Sharks zone.
13:05 of 1st period - Snap shot by Mason Raymond.
13:05 of 1st period - Shot Misses the Net.
13:07 of 1st period - Slapshot by Lasse Kukkonen.
13:07 of 1st period - Stopped by Tyler Weiman without a rebound.
13:08 of 1st period - Jason Spezza wins face-off versus Derick Brassard in Sharks zone.
13:15 of 1st period - Wrist shot by Milan Michalek.
13:15 of 1st period - Shot Blocked by Derick Brassard.
14:07 of 1st period - Icing by T.J. Hensick.
14:08 of 1st period - T.J. Hensick wins face-off versus Derick Brassard in Sharks zone.
14:17 of 1st period - Nick Palmieri is hit by Derick Brassard and loses puck.
14:44 of 1st period - Snap shot by Nick Palmieri.
14:44 of 1st period - Stopped by Jimmy Howard without a rebound.
14:45 of 1st period - Jason Spezza wins face-off versus Tyler Johnson in Blackhawks zone.
14:46 of 1st period - Snap shot by Milan Michalek.
14:46 of 1st period - Stopped by Jimmy Howard with a rebound.
14:52 of 1st period - Snap shot by Jason Spezza.
14:52 of 1st period - Stopped by Jimmy Howard with a rebound.
15:12 of 1st period - Maxim Afinogenov is hit by Zac Rinaldo.
15:16 of 1st period - Mason Raymond is hit by Maxim Afinogenov and loses puck.
15:25 of 1st period - Cam Janssen is hit by Jason Spezza and loses puck.
15:44 of 1st period - Snap shot by Maxim Afinogenov.
15:44 of 1st period - Shot Misses the Net.
15:46 of 1st period - Snap shot by Jason Spezza.
15:46 of 1st period - Goal by Jason Spezza - Sharks : 2 - Blackhawks : 1.
15:47 of 1st period - Tyler Johnson wins face-off versus Darren Helm in neutral zone.
15:49 of 1st period - Off-side.
15:50 of 1st period - Darren Helm wins face-off versus Michael Frolik in neutral zone.
16:23 of 1st period - Wrist shot by Oskar Osala.
16:23 of 1st period - Shot Misses the Net.
16:25 of 1st period - Wrist shot by Kevin Shattenkirk.
16:25 of 1st period - Stopped by Jimmy Howard without a rebound.
16:26 of 1st period - Jason Spezza wins face-off versus Derick Brassard in Blackhawks zone.
16:31 of 1st period - Snap shot by Milan Michalek.
16:31 of 1st period - Shot Hit the Post.
16:33 of 1st period - Wrist shot by Milan Michalek.
16:33 of 1st period - Goal by Milan Michalek - Sharks : 3 - Blackhawks : 1.
16:34 of 1st period - Derick Brassard wins face-off versus Jason Spezza in neutral zone.
16:41 of 1st period - Snap shot by Antoine Roussel.
16:41 of 1st period - Stopped by Tyler Weiman without a rebound.
16:42 of 1st period - Derick Brassard wins face-off versus Jason Spezza in Sharks zone.
16:43 of 1st period - Slapshot by Antoine Roussel.
16:43 of 1st period - Stopped by Tyler Weiman with a rebound.
17:06 of 1st period - Andrej Sekera is hit by Rick Nash and loses puck.
17:25 of 1st period - Wrist shot by Milan Michalek.
17:25 of 1st period - Stopped by Jimmy Howard with a rebound.
17:27 of 1st period - Snap shot by Jason Spezza.
17:27 of 1st period - Stopped by Jimmy Howard with a rebound.
17:56 of 1st period - Off-side.
17:57 of 1st period - Tyler Johnson wins face-off versus T.J. Hensick in neutral zone.
18:04 of 1st period - Snap shot by Tyler Johnson.
18:04 of 1st period - Stopped by Tyler Weiman with a rebound.
18:10 of 1st period - Snap shot by Tyler Johnson.
18:10 of 1st period - Stopped by Tyler Weiman with a rebound.
19:00 of 1st period - Hampus Lindholm is hit by Bobby Butler and loses puck.
19:59 of 1st period - Kevin Shattenkirk is hit by Rick Nash and loses puck.
Goals for this period are 3 for Sharks vs 1 for Blackhawks.
Shots for this period are 11 for Sharks vs 13 for Blackhawks.
2nd period
0:01 of 2nd period - Derick Brassard wins face-off versus Jason Spezza in neutral zone.
0:34 of 2nd period - Wrist shot by Michael Frolik.
0:34 of 2nd period - Stopped by Tyler Weiman with a rebound.
0:36 of 2nd period - Snap shot by Michael Frolik.
0:36 of 2nd period - Shot Blocked by Andrej Sekera.
1:00 of 2nd period - Joni Pitkanen is hit by Darren Helm and loses puck.
1:29 of 2nd period - Snap shot by Peter Regin.
1:29 of 2nd period - Deflect By Tomas Fleischmann.
1:29 of 2nd period - Shot Misses the Net.
1:29 of 2nd period - Puck is out of play.
1:30 of 2nd period - Derick Brassard wins face-off versus Darren Helm in Sharks zone.
1:31 of 2nd period - Snap shot by Rick Nash.
1:31 of 2nd period - Goal by Rick Nash - Sharks : 3 - Blackhawks : 2.
1:32 of 2nd period - Jason Spezza wins face-off versus Derick Brassard in neutral zone.
2:38 of 2nd period - Kevin Marshall is hit by Darren Helm and loses puck.
2:57 of 2nd period - Oskar Osala is hit by Hampus Lindholm and loses puck.
3:02 of 2nd period - Wrist shot by Derick Brassard.
3:02 of 2nd period - Shot Misses the Net.
3:04 of 2nd period - Slapshot by Lasse Kukkonen.
3:04 of 2nd period - Deflect By Derick Brassard.
3:04 of 2nd period - Stopped by Tyler Weiman with a rebound.
4:30 of 2nd period - Snap shot by Tyler Johnson.
4:30 of 2nd period - Stopped by Tyler Weiman without a rebound.
4:31 of 2nd period - Jason Spezza wins face-off versus Tyler Johnson in Sharks zone.
5:36 of 2nd period - Off-side.
5:37 of 2nd period - T.J. Hensick wins face-off versus Derick Brassard in neutral zone.
5:39 of 2nd period - Minor Penalty to Adam Larsson for Roughing.
5:40 of 2nd period - Jason Spezza wins face-off versus Derick Brassard in Sharks zone.
7:28 of 2nd period - Off-side.
7:29 of 2nd period - Bobby Butler wins face-off versus Derick Brassard in neutral zone.
7:39 of 2nd period - Penalty to Adam Larsson is over, Adam Larsson is back on ice.
7:59 of 2nd period - Snap shot by T.J. Hensick.
7:59 of 2nd period - Stopped by Jimmy Howard without a rebound.
8:00 of 2nd period - Jason Spezza wins face-off versus Mason Raymond in Blackhawks zone.
8:50 of 2nd period - Joni Pitkanen is hit by Nikolai Kulemin.
9:07 of 2nd period - Icing by Darren Helm.
9:08 of 2nd period - Peter Regin wins face-off versus Maxim Afinogenov in Sharks zone.
9:09 of 2nd period - Slapshot by Joni Pitkanen.
9:09 of 2nd period - Shot Misses the Net.
9:11 of 2nd period - Slapshot by Tomas Fleischmann.
9:11 of 2nd period - Shot Misses the Net.
9:13 of 2nd period - Wrist shot by Tomas Fleischmann.
9:13 of 2nd period - Stopped by Tyler Weiman without a rebound.
9:14 of 2nd period - Jason Spezza wins face-off versus Peter Regin in Sharks zone.
9:14 of 2nd period - Jason Spezza is hit by Peter Regin.
9:17 of 2nd period - Icing by Kevin Shattenkirk.
9:18 of 2nd period - Derick Brassard wins face-off versus Jason Spezza in Sharks zone.
9:21 of 2nd period - Snap shot by Antoine Roussel.
9:21 of 2nd period - Stopped by Tyler Weiman with a rebound.
9:31 of 2nd period - Derick Brassard is hit by Andrej Sekera and loses puck.
9:50 of 2nd period - Wrist shot by Jason Spezza.
9:50 of 2nd period - Shot Misses the Net.
9:52 of 2nd period - Snap shot by Maxim Afinogenov.
9:52 of 2nd period - Stopped by Jimmy Howard with a rebound.
9:58 of 2nd period - Slapshot by Jason Spezza.
9:58 of 2nd period - Deflect By Mike Green.
9:58 of 2nd period - Stopped by Jimmy Howard with a rebound.
10:00 of 2nd period - Snap shot by Maxim Afinogenov.
10:00 of 2nd period - Stopped by Jimmy Howard with a rebound.
10:04 of 2nd period - Slapshot by Kevin Shattenkirk.
10:04 of 2nd period - Deflect By Maxim Afinogenov.
10:04 of 2nd period - Stopped by Jimmy Howard without a rebound.
10:05 of 2nd period - T.J. Hensick wins face-off versus Michael Frolik in Blackhawks zone.
10:59 of 2nd period - Tomas Fleischmann is hit by Nick Palmieri and loses puck.
11:38 of 2nd period - Snap shot by Nikolai Kulemin.
11:38 of 2nd period - Shot Blocked by Derick Brassard.
11:58 of 2nd period - Snap shot by Maxim Afinogenov.
11:58 of 2nd period - Stopped by Jimmy Howard without a rebound.
11:59 of 2nd period - Tyler Johnson wins face-off versus Darren Helm in Blackhawks zone.
12:26 of 2nd period - Kevin Marshall is hit by Milan Michalek.
13:05 of 2nd period - Snap shot by Denis Grebeshkov.
13:05 of 2nd period - Stopped by Tyler Weiman with a rebound.
13:07 of 2nd period - Slapshot by Denis Grebeshkov.
13:07 of 2nd period - Stopped by Tyler Weiman with a rebound.
13:09 of 2nd period - Snap shot by Zac Rinaldo.
13:09 of 2nd period - Stopped by Tyler Weiman without a rebound.
13:10 of 2nd period - Darren Helm wins face-off versus Zac Rinaldo in Sharks zone.
13:10 of 2nd period - Darren Helm is hit by Zac Rinaldo.
13:32 of 2nd period - Snap shot by Antoine Roussel.
13:32 of 2nd period - Goal by Antoine Roussel - Sharks : 3 - Blackhawks : 3.
13:33 of 2nd period - Derick Brassard wins face-off versus Jason Spezza in neutral zone.
13:58 of 2nd period - T.J. Hensick is hit by Michael Frolik and loses puck.
14:07 of 2nd period - Slapshot by Andrej Sekera.
14:07 of 2nd period - Stopped by Jimmy Howard without a rebound.
14:08 of 2nd period - Derick Brassard wins face-off versus Jason Spezza in Blackhawks zone.
14:15 of 2nd period - Wrist shot by Derick Brassard.
14:15 of 2nd period - Stopped by Tyler Weiman without a rebound.
14:16 of 2nd period - Jason Spezza wins face-off versus Antoine Roussel in Sharks zone.
14:49 of 2nd period - Slapshot by Michael Frolik.
14:49 of 2nd period - Stopped by Tyler Weiman with a rebound.
14:51 of 2nd period - Snap shot by Michael Frolik.
14:51 of 2nd period - Stopped by Tyler Weiman with a rebound.
14:53 of 2nd period - Snap shot by Tyler Johnson.
14:53 of 2nd period - Stopped by Tyler Weiman with a rebound.
14:55 of 2nd period - Slapshot by Hampus Lindholm.
14:55 of 2nd period - Stopped by Tyler Weiman with a rebound.
15:26 of 2nd period - Icing by Kevin Shattenkirk.
15:27 of 2nd period - Rick Nash wins face-off versus Darren Helm in Sharks zone.
15:30 of 2nd period - Snap shot by Rick Nash.
15:30 of 2nd period - Stopped by Tyler Weiman without a rebound.
15:31 of 2nd period - Antoine Roussel wins face-off versus Jason Spezza in Sharks zone.
15:56 of 2nd period - Snap shot by Derick Brassard.
15:56 of 2nd period - Shot Misses the Net.
15:58 of 2nd period - Wrist shot by Rick Nash.
15:58 of 2nd period - Stopped by Tyler Weiman without a rebound.
15:59 of 2nd period - Tyler Johnson wins face-off versus T.J. Hensick in Sharks zone.
16:01 of 2nd period - Double Minor Penalty to Nick Palmieri for High sticking.
16:02 of 2nd period - Jason Spezza wins face-off versus Derick Brassard in Sharks zone.
16:14 of 2nd period - Wrist shot by Antoine Roussel.
16:14 of 2nd period - Deflect By Rick Nash.
16:14 of 2nd period - Shot Misses the Net.
16:14 of 2nd period - Puck is out of play.
16:15 of 2nd period - Derick Brassard wins face-off versus Jason Spezza in Sharks zone.
16:16 of 2nd period - Snap shot by Antoine Roussel.
16:16 of 2nd period - Shot Misses the Net.
16:42 of 2nd period - Milan Michalek is hit by Chris Kreider and loses puck.
16:51 of 2nd period - Snap shot by Tyler Johnson.
16:51 of 2nd period - Shot Misses the Net.
17:09 of 2nd period - T.J. Hensick is hit by Denis Grebeshkov and loses puck.
17:28 of 2nd period - Michael Frolik is hit by Maxim Kondratiev and loses puck.
17:47 of 2nd period - Chris Kreider is hit by Maxim Afinogenov and loses puck.
Goals for this period are 0 for Sharks vs 2 for Blackhawks.
Shots for this period are 7 for Sharks vs 17 for Blackhawks.
3rd period
0:01 of 3rd period - Penalty to Nick Palmieri is over, Nick Palmieri is back on ice.
0:01 of 3rd period - Derick Brassard wins face-off versus Jason Spezza in neutral zone.
0:14 of 3rd period - Wrist shot by Jason Spezza.
0:14 of 3rd period - Shot Blocked by Mike Green.
0:16 of 3rd period - Snap shot by Nick Palmieri.
0:16 of 3rd period - Stopped by Jimmy Howard without a rebound.
0:17 of 3rd period - Michael Frolik wins face-off versus Darren Helm in Blackhawks zone.
0:48 of 3rd period - Minor Penalty to Antoine Roussel for Diving.
0:49 of 3rd period - Derick Brassard wins face-off versus Jason Spezza in Blackhawks zone.
0:49 of 3rd period - Derick Brassard is hit by Milan Michalek.
0:58 of 3rd period - Mike Green is hit by Andrej Sekera and loses puck.
1:03 of 3rd period - Snap shot by Kevin Shattenkirk.
1:03 of 3rd period - Stopped by Jimmy Howard with a rebound.
1:05 of 3rd period - Wrist shot by Milan Michalek.
1:05 of 3rd period - Stopped by Jimmy Howard without a rebound.
1:06 of 3rd period - Rick Nash wins face-off versus Jason Spezza in Blackhawks zone.
1:15 of 3rd period - Snap shot by Derick Brassard.
1:15 of 3rd period - Stopped by Tyler Weiman with a rebound.
1:17 of 3rd period - Backhand shot by Mike Green.
1:17 of 3rd period - Shot Misses the Net.
2:07 of 3rd period - Rick Nash is hit by Nick Palmieri and loses puck.
2:48 of 3rd period - Penalty to Antoine Roussel is over, Antoine Roussel is back on ice.
2:52 of 3rd period - Slapshot by Antoine Roussel.
2:52 of 3rd period - Shot Misses the Net.
3:13 of 3rd period - Minor Penalty to Nate Prosser for Hooking.
3:14 of 3rd period - Jason Spezza wins face-off versus Tyler Johnson in Sharks zone.
3:14 of 3rd period - Jason Spezza is hit by Tyler Johnson.
4:03 of 3rd period - Rick Nash is hit by Maxim Kondratiev.
5:13 of 3rd period - Penalty to Nate Prosser is over, Nate Prosser is back on ice.
5:31 of 3rd period - Slapshot by Joni Pitkanen.
5:31 of 3rd period - Shot Blocked by Mark Giordano.
5:33 of 3rd period - Slapshot by Joni Pitkanen.
5:33 of 3rd period - Stopped by Tyler Weiman with a rebound.
5:53 of 3rd period - Slapshot by Nick Palmieri.
5:53 of 3rd period - Shot Misses the Net.
5:55 of 3rd period - Slapshot by Mark Giordano.
5:55 of 3rd period - Deflect By Hampus Lindholm.
5:55 of 3rd period - Stopped by Jimmy Howard with a rebound.
6:36 of 3rd period - Nick Palmieri is hit by Hampus Lindholm and loses puck.
6:51 of 3rd period - Slapshot by Jiri Tlusty.
6:51 of 3rd period - Shot Misses the Net.
6:53 of 3rd period - Wrist shot by Darren Helm.
6:53 of 3rd period - Shot Blocked by Denis Grebeshkov.
6:55 of 3rd period - Slapshot by Jiri Tlusty.
6:55 of 3rd period - Stopped by Jimmy Howard with a rebound.
6:57 of 3rd period - Wrist shot by Nikolai Kulemin.
6:57 of 3rd period - Stopped by Jimmy Howard with a rebound.
6:59 of 3rd period - Slapshot by Maxim Kondratiev.
6:59 of 3rd period - Deflect By Darren Helm.
6:59 of 3rd period - Stopped by Jimmy Howard with a rebound.
7:33 of 3rd period - Wrist shot by Antoine Roussel.
7:33 of 3rd period - Shot Misses the Net.
7:53 of 3rd period - Jiri Tlusty is hit by Chris Kreider.
7:57 of 3rd period - Michael Frolik is hit by Jiri Tlusty and loses puck.
8:13 of 3rd period - Michael Frolik is hit by Adam Larsson and loses puck.
8:49 of 3rd period - Mike Green is hit by Oskar Osala and loses puck.
9:18 of 3rd period - Jordan LaVallee is hit by Cam Janssen and loses puck.
9:37 of 3rd period - Jiri Tlusty is hit by Tomas Fleischmann and loses puck.
10:10 of 3rd period - T.J. Hensick is hit by Daniel Cleary and loses puck.
10:25 of 3rd period - Snap shot by T.J. Hensick.
10:25 of 3rd period - Shot Blocked by Rick Nash.
11:51 of 3rd period - Kevin Shattenkirk is hit by Joni Pitkanen and loses puck.
12:14 of 3rd period - Wrist shot by Michael Frolik.
12:14 of 3rd period - Shot Misses the Net.
12:16 of 3rd period - Snap shot by Chris Kreider.
12:16 of 3rd period - Shot Hit the Post.
12:38 of 3rd period - Mark Giordano is hit by Peter Regin.
13:32 of 3rd period - Maxim Kondratiev is hit by Lasse Kukkonen and loses puck.
13:43 of 3rd period - Slapshot by Denis Grebeshkov.
13:43 of 3rd period - Stopped by Tyler Weiman with a rebound.
14:41 of 3rd period - Kevin Shattenkirk is hit by Antoine Roussel and loses puck.
15:03 of 3rd period - T.J. Hensick is hit by Tomas Fleischmann and loses puck.
15:30 of 3rd period - Maxim Kondratiev is hit by Denis Grebeshkov and loses puck.
15:55 of 3rd period - Slapshot by Cam Janssen.
15:55 of 3rd period - Shot Misses the Net.
15:57 of 3rd period - Slapshot by Lasse Kukkonen.
15:57 of 3rd period - Deflect By Jason Spezza.
15:57 of 3rd period - Stopped by Tyler Weiman with a rebound.
15:59 of 3rd period - Wrist shot by Lasse Kukkonen.
15:59 of 3rd period - Stopped by Tyler Weiman with a rebound.
16:03 of 3rd period - Slapshot by Denis Grebeshkov.
16:03 of 3rd period - Deflect By Milan Michalek.
16:03 of 3rd period - Stopped by Tyler Weiman without a rebound.
16:04 of 3rd period - Darren Helm wins face-off versus Peter Regin in Sharks zone.
16:04 of 3rd period - Darren Helm is hit by Peter Regin.
16:55 of 3rd period - Maxim Afinogenov is hit by Joni Pitkanen and loses puck.
18:23 of 3rd period - Jiri Tlusty is hit by Rick Nash.
18:29 of 3rd period - Slapshot by Nate Prosser.
18:29 of 3rd period - Stopped by Jimmy Howard without a rebound.
18:30 of 3rd period - Jason Spezza wins face-off versus Tyler Johnson in Blackhawks zone.
19:08 of 3rd period - Snap shot by Jason Spezza.
19:08 of 3rd period - Shot Misses the Net.
19:46 of 3rd period - Tomas Fleischmann is hit by Nikolai Kulemin and loses puck.
Goals for this period are 0 for Sharks vs 0 for Blackhawks.
Shots for this period are 8 for Sharks vs 6 for Blackhawks.
Overtime #1
0:01 of 1st overtime period - Rick Nash wins face-off versus Darren Helm in neutral zone.
0:32 of 1st overtime period - Maxim Kondratiev is hit by Mike Green and loses puck.
0:53 of 1st overtime period - Snap shot by T.J. Hensick.
0:53 of 1st overtime period - Stopped by Jimmy Howard with a rebound.
0:55 of 1st overtime period - Wrist shot by Maxim Afinogenov.
0:55 of 1st overtime period - Shot Misses the Net.
1:29 of 1st overtime period - Kevin Shattenkirk is hit by Peter Regin and loses puck.
2:03 of 1st overtime period - Minor Penalty to Maxim Kondratiev for Hooking.
2:04 of 1st overtime period - Jason Spezza wins face-off versus Derick Brassard in Sharks zone.
2:32 of 1st overtime period - Jason Spezza is hit by Antoine Roussel and loses puck.
2:45 of 1st overtime period - Jason Spezza is hit by Mike Green.
3:13 of 1st overtime period - Lasse Kukkonen is hit by Adam Larsson and loses puck.
3:43 of 1st overtime period - Nate Prosser is hit by Denis Grebeshkov and loses puck.
4:03 of 1st overtime period - Penalty to Maxim Kondratiev is over, Maxim Kondratiev is back on ice.
4:54 of 1st overtime period - Andrej Sekera is hit by Peter Regin and loses puck.
Goals for this period are 0 for Sharks vs 0 for Blackhawks.
Shots for this period are 1 for Sharks vs 0 for Blackhawks.
ShootOut
5:00 of 1st overtime period - Round #1.
5:00 of 1st overtime period - Sharks, Jason Spezza.
5:00 of 1st overtime period - Wrist shot by Jason Spezza.
5:00 of 1st overtime period - Shot Misses the Net.
5:00 of 1st overtime period - Blackhawks, Rick Nash.
5:00 of 1st overtime period - Wrist shot by Rick Nash.
5:00 of 1st overtime period - Stopped by Tyler Weiman.
5:00 of 1st overtime period - Round #2.
5:00 of 1st overtime period - Sharks, Milan Michalek.
5:00 of 1st overtime period - Snap shot by Milan Michalek.
5:00 of 1st overtime period - Stopped by Jimmy Howard.
5:00 of 1st overtime period - Blackhawks, Derick Brassard.
5:00 of 1st overtime period - Snap shot by Derick Brassard.
5:00 of 1st overtime period - Shot Misses the Net.
5:00 of 1st overtime period - Round #3.
5:00 of 1st overtime period - Sharks, Maxim Afinogenov.
5:00 of 1st overtime period - Backhand shot by Maxim Afinogenov.
5:00 of 1st overtime period - Shot Misses the Net.
5:00 of 1st overtime period - Blackhawks, Tyler Johnson.
5:00 of 1st overtime period - Wrist shot by Tyler Johnson.
5:00 of 1st overtime period - Goal by Tyler Johnson.
Back to the Top